 Dungeon Crawl Stone Soup version 0.22.1-1-ga44c0e5 (webtiles) character file.

119192 Monsterracer the Carver (level 16, -2/114 HPs)
             Began as an Octopode Berserker on Sept 25, 2018.
             Was a High Priest of Trog.
             Slain by a six-headed hydra (10 damage)
             ... called by a spriggan druid
             ... on level 3 of the Swamp on Sept 26, 2018.
             The game lasted 01:13:16 (37531 turns).

Monsterracer the Carver (Octopode Berserker)       Turns: 37531, Time: 01:13:17

Health: -2/114     AC:  8    Str: 20    XL:     16   Next: 78%
Magic:  6/8        EV: 13    Int: 12    God:    Trog [*****.]
Gold:   501        SH: 22    Dex: 17    Spells: 15/15 levels left

rFire    + . .     SeeInvis +   a - +4 demon blade (antimagic)
rCold    + . .     Gourm    .   v - +5 large shield
rNeg     + . .     Faith    .   F - +2 hat
rPois    +         Spirit   .   W - amulet "Icvycefi" {+Fly Regen+ Str+3 Int+2 Slay+5}
rElec    .         Reflect  .   m - ring of positive energy
rCorr    .         Harm     .   T - ring of protection from cold {!d}
MR       +....                  g - ring of poison resistance {!d}
Stlth    +++++.....             L - ring of protection from fire {!d}
HPRegen  0.69/turn              O - ring of see invisible
MPRegen  0.11/turn              o - +5 ring of protection
                                K - ring of ice
                                p - ring "Enwigg" {Fire +Inv Slay+2}

@: grasped by roots, very slightly contaminated, invisible, very slow
A: almost no armour, stealthy swim, amphibious, 8 rings, constrict 8, camouflage
1, gelatinous body 1
a: Berserk, Trog's Hand, Brothers in Arms, Renounce Religion, Evoke Flight


You were on level 3 of the Swamp.
You worshipped Trog.
Trog was extremely pleased with you.
You were not hungry.

You visited 6 branches of the dungeon, and saw 26 of its levels.
You also visited: Labyrinth and Ice Cave.

You collected 2241 gold pieces.
You spent 1740 gold pieces at shops.

Inventory:

Hand Weapons
 a - a +4 antimagic demon blade (weapon)
 b - a +9 fustibalus of velocity
 e - a +3 long sword of flaming
 w - a +0 dagger of freezing
Missiles
 i - 501 stones
 j - 198 sling bullets
 n - 5 throwing nets (quivered)
Armour
 v - a +5 large shield (worn)
 F - a +2 hat (worn)
Jewellery
 g - a ring of poison resistance (on tentacle) {!d}
 m - a ring of positive energy (left tentacle)
 o - a +5 ring of protection (on tentacle)
 p - the ring "Enwigg" (on tentacle) {Fire +Inv Slay+2}
   (You found it in a labyrinth)

   [ring of fire]

   It enhances your fire magic.
   It affects your accuracy and damage with ranged weapons and melee attacks
   (+2).
   It protects you from fire.
   It makes you vulnerable to cold.
   It lets you turn invisible.
 K - a ring of ice (on tentacle)
 L - a ring of protection from fire (on tentacle) {!d}
 O - a ring of see invisible (on tentacle)
 T - a ring of protection from cold (right tentacle) {!d}
 W - the amulet "Icvycefi" (around mantle) {+Fly Regen+ Str+3 Int+2 Slay+5}
   (You found it on level 2 of the Swamp)

   [amulet of regeneration]

   It affects your strength (+3).
   It affects your intelligence (+2).
   It affects your accuracy and damage with ranged weapons and melee attacks
   (+5).
   It lets you fly.
   It increases your rate of regeneration.
Wands
 l - a wand of disintegration (13)
 t - a wand of flame (43)
 u - a wand of paralysis (48)
 C - a wand of enslavement (16)
 I - a wand of digging (30)
 M - a wand of iceblast (10)
 N - a wand of scattershot (7)
 P - a wand of acid (18)
Scrolls
 q - 9 scrolls of teleportation {!r}
 z - a scroll of silence
 A - 2 scrolls of summoning {!r}
 D - 2 scrolls of blinking
 Q - a scroll of identify
 R - 2 scrolls of fear {!r}
 S - 2 scrolls of fog
 V - 2 scrolls of holy word
 Y - 3 scrolls of magic mapping {!r}
 Z - 5 scrolls of remove curse
Potions
 d - 5 potions of agility
 f - 3 potions of haste
 h - 3 potions of might
 k - 3 potions of heal wounds
 r - 5 potions of curing
 s - 3 potions of mutation {!q}
 x - 2 potions of invisibility
 y - a potion of ambrosia {!q}
 E - 3 potions of berserk rage {!q}
 J - 3 potions of lignification
 U - 2 potions of flight
 X - a potion of cancellation
Miscellaneous
 B - a phial of floods
 G - a lamp of fire
 H - a lightning rod (4/4)
Comestibles
 c - 25 rations


   Skills:
 * Level 12.1 Fighting
 - Level 14.0 Long Blades
 * Level 13.5 Slings
 + Level 11.4 Dodging
 + Level 7.8 Stealth
 + Level 10.0 Shields
 + Level 10.8 Evocations


You had 15 spell levels left.
You didn't know any spells.
Your spell library contained the following spells:

 Spells                   Type           Power        Failure   Level  Hunger
 Animate Skeleton         Necr           N/A          93%         1    ##.....
 Apportation              Tloc           #.....       93%         1    ##.....
 Confusing Touch          Hex            #.....       93%         1    ##.....
 Flame Tongue             Conj/Fire      #....        93%         1    ##.....
 Magic Dart               Conj           #...         93%         1    ##.....
 Sandblast                Erth           #.....       93%         1    ##.....
 Summon Small Mammal      Summ           #...         93%         1    ##.....
 Passwall                 Tmut/Erth      #.......     98%         2    ###....
 Searing Ray              Conj           #.....       98%         2    ###....
 Sublimation of Blood     Necr           #.........   98%         2    ###....
 Swiftness                Chrm/Air       #.......     98%         2    ###....
 Throw Flame              Conj/Fire      #.....       98%         2    ###....
 Conjure Flame            Conj/Fire      #.......     100%        3    ####...
 Dazzling Spray           Conj/Hex       #.....       100%        3    ####...
 Ignite Poison            Fire/Tmut/Pois #.......     100%        3    ####...
 Inner Flame              Hex/Fire       #.......     100%        3    ####...
 Stone Arrow              Conj/Erth      #.....       100%        3    ####...
 Force Lance              Conj/Tloc      #.......     100%        4    #####..
 Fulminant Prism          Conj/Hex       #.........   100%        4    #####..
 Iskenderun's Mystic Bla  Conj           #.......     100%        4    #####..
 Passage of Golubria      Tloc           N/A          100%        4    #####..
 Petrify                  Tmut/Erth      #.......     100%        4    #####..
 Sticky Flame             Conj/Fire      #.......     100%        4    #####..
 Alistair's Intoxication  Tmut/Pois      #.......     100%        5    ######.
 Fireball                 Conj/Fire      #.........   100%        5    ######.
 Irradiate                Conj/Tmut      #.........   100%        5    ######.
 Lee's Rapid Deconstruct  Erth           #.........   100%        5    ######.
 Darkness                 Hex            #.........   100%        6    #######
 Invisibility             Hex            #.......     100%        6    #######


Dungeon Overview and Level Annotations

Branches:
Dungeon (12/15)            Temple (0/1) D:5            Lair (6/6) D:9
  Swamp (4/4) Lair:4       Spider (1/4) Lair:3        Slime (1/5) Lair:5
    Orc (2/2) D:11            Elf (0/3) Orc:2

Altars:
Ashenzari
Elyvilon
Fedhas
Kikubaaqudgha
Makhleb
Nemelex Xobeh
Okawaru
Ru
Sif Muna
Trog
Xom
Yredelemnul
Jiyva

Shops:
D:5 *   Orc:1 [   Orc:2 :(=?


Innate Abilities, Weirdness & Mutations

You cannot wear most types of armour.
You are very stealthy in the water. (Stealth+)
You are amphibious.
You can wear up to eight rings at the same time.
You can use your tentacles to constrict eight enemies at once.
Your skin changes colour to match your surroundings (Stealth+).
Your rubbery body absorbs attacks. (AC +1, EV +1)


Message History

You feel yourself speed up.
You regained 23 hp, and now have 67/114 hp.
You regained 7 mp, and now have 16/24 mp.
You start resting.
You recover from your berserk rage.
You regained 7 hp, and now have 74/114 hp.
You start resting.
Magic restored.
You regained 22 hp, and now have 96/114 hp.
MP restored: 24 You start resting.
HP restored.
Health restored: 114 Unknown command.
Unknown command.
Unknown command.
Unknown command.
Unknown command.
Unknown command.
Unknown command.
You climb downwards.
A six-headed hydra comes into view.
Roots grasp at your tentacles, making movement difficult.
The spriggan druid gestures wildly while chanting.
The forest starts to sway and rumble!
The shambling mangrove hits you!
You block the six-headed hydra's attack. x2
The six-headed hydra misses you.
You block the six-headed hydra's attack.
The six-headed hydra barely misses you.
The six-headed hydra closely misses you.
The swamp drake breathes noxious fumes at you.
The noxious blast engulfs the six-headed hydra.
The six-headed hydra appears unharmed.
The swamp worm throws harpoon shot at you.
The harpoon shot misses you.
The spriggan druid is engulfed in noxious fumes.
The spriggan druid appears confused.
The spriggan druid cries.
The spriggan druid is engulfed in noxious fumes.
There is a stone staircase leading up, spattered with blood here.
You take 16 damage, and have 98/114 hp.
Your +3 long sword of flaming stops flaming.
You feel magic leave you.
a - a +4 antimagic demon blade (weapon)
Trunks creak and shift.
A tree reaches out and hits you!
A swamp dragon comes into view.
You take 17 damage, and have 81/114 hp.
You now have 8/8 mp.
A root smacks you from below.
You block the six-headed hydra's attack. x2
The six-headed hydra bites you!
* * * LOW HITPOINT WARNING * * *
The six-headed hydra barely misses you.
You block the six-headed hydra's attack. x2
You block the shambling mangrove's attack.
The spriggan druid is engulfed in noxious fumes.
The spriggan druid hits you with a quarterstaff!
* * * LOW HITPOINT WARNING * * *
You climb upwards.
The forest abruptly stops moving.
The grasping roots settle back into the ground.
There is a stone staircase leading down, spattered with blood here.
Unknown command.
Unknown command.
Unknown command.
Unknown command.
You take 42 damage, and have 39/114 hp.
MASSIVE DAMAGE!!
Unknown command.
Unknown command.
Blink to where?
Press: ? - help, Dir - move target cursor You are very lightly contaminated with residual magic.
As you read the scroll of blinking, it crumbles to dust.
Roots grasp at your tentacles, making movement difficult.
Press: ? - help, v - describe, . - travel
Here: a six-headed hydra The floor, spattered with blood.
The grasping roots prevent you from becoming airborne.
You fail to use your ability.
The grasping roots prevent you from becoming airborne.
You fail to use your ability.
You block the six-headed hydra's attack.
The six-headed hydra bites you!!
* * * LOW HITPOINT WARNING * * *
The six-headed hydra bites you but does no damage.
You block the six-headed hydra's attack. x2
The six-headed hydra bites you but does no damage.
The spriggan druid splashes around in the water.
You take 18 damage, and have 23/114 hp.
Unknown command.
The grasping roots prevent you from becoming airborne.
You fade into invisibility!
You feel quite a bit more hungry.
You feel roots moving beneath the ground.
You block the six-headed hydra's attack.
The six-headed hydra bites you!
* * * LOW HITPOINT WARNING * * *
The six-headed hydra bites you!
* * * LOW HITPOINT WARNING * * *
The six-headed hydra bites you!
You die...

♣♣♣♣♣♣ ♣♣...≈♣♣♣♣ ♣♣♣♣
♣♣.≈≈≈≈.≈.♣ ♣≈≈.
♣♣♣♣♣♣♣≈.≈≈≈≈≈..♣♣ ♣♣♣♣♣ ♣.≈§
♣≈≈♣♣≈♣♣♣♣♣≈≈≈≈.≈♣♣♣♣♣♣...♣ ♣♣♣≈
♣♣....≈♣♣.♣♣..≈≈≈≈♣♣≈♣♣≈≈.♣♣ ♣♣
♣.≈≈≈♣♣♣≈..♣.≈≈≈i...♣≈≈≈≈.♣ ♣.
♣♣.≈≈≈..≈♣..♣♣.≈@Df†>≈♣.≈≈.♣ ♣.
≈..≈≈≈≈≈.♣♣♣♣♣.≈≈..†.≈♣♣..≈♣ ♣♣
≈≈≈.≈≈≈≈..♣♣..≈≈≈§....♣...♣♣ ♣.
≈≈.§≈≈≈≈≈≈.§≈.§≈≈≈≈≈≈.....♣♣♣♣ ♣.
≈≈≈≈†≈≈≈≈≈.♣♣♣≈≈≈≈≈≈≈.♣♣≈....♣♣♣.
§≈≈≈≈≈≈≈≈..♣ ♣♣.≈≈≈≈≈.♣♣≈.≈≈..≈≈.
≈≈≈≈≈.≈≈≈♣≈♣ ♣♣..≈≈.≈..♣♣♣♣♣♣♣♣.
≈≈≈≈≈.≈.≈♣♣♣ ♣≈....≈.≈≈♣♣♣≈♣≈♣♣♣
.≈≈≈≈...♣♣ ♣......≈≈♣♣.≈.≈.≈.♣


You could see a shambling mangrove, a six-headed hydra and a spriggan druid.

Vanquished Creatures
  A thorn hunter (Swamp:3)
  An orc warlord (Orc:1)
  A ghoul (Swamp:3)
  A minotaur (Lab)
  Snorg (Lair:4)
  An ettin (Orc:2)
  Fannar (Lair:2)
  10 hydras
  A ghost crab (Swamp:1)
  6 alligators
  6 two-headed ogres
  2 death yaks (Lair:6)
  5 orc high priests (Orc:2)
  An unseen horror (D:7)
  6 swamp dragons
  2 spriggan druids
  Pikel (D:5)
  2 shambling mangroves (Swamp:1)
  3 orc sorcerers (Orc:1)
  5 oklob plants
  7 orc knights
  3 elephants (Lair:6)
  4 black mambas
  17 spiny frogs
  The ghost of Folque the Slinger, a novice HaHu (D:5)
  2 rime drakes
  5 komodo dragons
  A demonic crawler (Lair:3)
  A jumping spider (Lair:3)
  3 trolls
  Prince Ribbit (D:6)
  5 polar bears (Lair:6)
  6 tyrant leeches
  22 hornets
  15 slime creatures
  6 hippogriffs
  2 dream sheep (Lair:6)
  7 blink frogs
  11 bog bodies
  A shadow (D:11)
  A vampire (D:9)
  26 spriggans
  2 redbacks (Lair:3)
  48 yaks
  2 wyverns
  A basilisk (Lair:3)
  A steam dragon (D:10)
  11 insubstantial wisps
  4 wargs (Orc:1)
  2 vampire mosquitoes (Swamp:2)
  10 swamp worms
  11 water moccasins
  A hornet zombie (D:7)
  13 porcupines
  10 ice beasts
  6 necrophages
  36 orc warriors
  A sky beast (D:6)
  A slave (D:5)
  12 swamp drakes
  2 phantoms (D:7)
  The ghost of Zleub the Slasher, an amateur DrFi (D:3)
  4 black bears
  7 ogres
  3 boggarts (Lair:6)
  4 centaurs
  29 wolves
  8 crocodiles
  2 big kobolds
  15 bullfrogs
  7 scorpions
  4 killer bees (D:10)
  A water moccasin skeleton (D:8)
  5 wights (D:10)
  2 electric eels (Lair:1)
  4 howler monkeys
  2 jellies (D:6)
  A troll skeleton (Lab)
  6 crimson imps
  2 centaur zombies
  A bullfrog zombie (D:10)
  36 orc priests
  A gnoll shaman (D:8)
  9 hounds
  2 bullfrog skeletons (D:8)
  26 orc wizards
  5 centaur skeletons
  8 worker ants
  4 iguanas
  A killer bee zombie (D:5)
  2 ogre skeletons (Lab)
  A hound skeleton (D:8)
  16 gnolls
  A worker ant zombie (D:6)
  A howler monkey skeleton (D:8)
  12 adders
  A shadow imp (D:7)
  An ooze (D:2)
  An adder skeleton (D:8)
  7 worms
  A dart slug (D:2)
  5 leopard geckos
  70 orcs
  8 giant cockroaches
  6 goblins
  5 hobgoblins
  12 jackals
  3 quokkas
  A ball python (D:2)
  7 bats
  8 frilled lizards
  2 jackal skeletons
  18 kobolds
  8 rats
775 creatures vanquished.

Vanquished Creatures (collateral kills)
  Gastronok (Lair:3)
  An ogre mage (Orc:1)
  A hydra (Lair:6)
  The ghost of kalagan the Geomancer, a journeyman DEEE (D:9)
  3 death yaks (Lair:6)
  A spriggan (Lair:6)
  2 yaks (Lair:1)
  A warg (Orc:1)
  2 porcupines (Lair:1)
13 creatures vanquished.

Vanquished Creatures (others)
  2 ufetubi (IceCv)
  2 orcs (Orc:1)
  15 fungi
  10 plants
29 creatures vanquished.

Grand Total: 817 creatures vanquished

Notes
Turn   | Place    | Note
-------+----------+-------------------------------------------
     0 | D:1      | Monsterracer the Octopode Berserker began the quest for the
                  | Orb.
     0 | D:1      | Reached XP level 1. HP: 16/16 MP: 1/1
   234 | D:1      | Reached XP level 2. HP: 21/21 MP: 2/2
   776 | D:2      | Reached XP level 3. HP: 25/26 MP: 3/3
  1051 | D:2      | Reached ** piety under Trog
  1224 | D:2      | Reached skill level 4 in Long Blades
  1224 | D:2      | Reached XP level 4. HP: 28/31 MP: 4/4
  1471 | D:2      | Found a faded altar of an unknown god.
  1913 | D:3      | Reached XP level 5. HP: 34/37 MP: 5/5
  2141 | D:3      | Found an iron altar of Okawaru.
  2259 | D:3      | Found a runed door.
  2263 | D:3      | Noticed Zleub's ghost (amateur DrFi)
  2273 | D:3      | HP: 24/55 [Zleub's ghost (12)]
  2275 | D:3      | Killed Zleub's ghost
  2275 | D:3      | Reached skill level 5 in Long Blades
  2275 | D:3      | Reached XP level 6. HP: 28/43 MP: 6/6
  2837 | D:4      | Reached *** piety under Trog
  2987 | D:4      | Found a sparkling altar of Nemelex Xobeh.
  3389 | D:4      | Found a sparkling altar of Nemelex Xobeh.
  3392 | D:4      | Found a basalt altar of Yredelemnul.
  3395 | D:4      | Found a shattered altar of Ashenzari.
  3440 | D:4      | HP: 31/66 [something (3)]
  3446 | D:4      | Found a shimmering altar of Xom.
  3448 | D:4      | HP: 11/44 [something/puff of flame (12)]
  3455 | D:4      | HP: 16/66 [something (1)]
  3462 | D:4      | HP: 15/66 [something (3)]
  3740 | D:4      | HP: 20/44 [worm (8)]
  3969 | D:4      | Reached XP level 7. HP: 49/49 MP: 7/7
  3971 | D:4      | Reached skill level 6 in Long Blades
  4237 | D:5      | Entered Level 5 of the Dungeon
  4256 | D:5      | Found a white marble altar of Elyvilon.
  4260 | D:5      | Found a blossoming altar of Fedhas.
  4335 | D:5      | Found a staircase to the Ecumenical Temple.
  4693 | D:5      | Found a runed door.
  4736 | D:5      | Noticed Pikel
  4746 | D:5      | Killed Pikel
  4746 | D:5      | Reached skill level 5 in Fighting
  4746 | D:5      | Reached skill level 7 in Long Blades
  4746 | D:5      | Reached skill level 5 in Dodging
  4746 | D:5      | Reached XP level 8. HP: 56/56 MP: 8/8
  4747 | D:5      | Found Datwaph's General Store.
  4987 | D:5      | Noticed Folque's ghost (novice HaHu)
  5078 | D:5      | Killed Folque's ghost
  5078 | D:5      | Reached skill level 1 in Shields
  5078 | D:5      | Reached skill level 1 in Evocations
  5147 | D:6      | Reached skill level 8 in Long Blades
  5291 | D:6      | Reached XP level 9. HP: 62/62 MP: 8/10
  5487 | D:6      | Noticed Prince Ribbit
  5497 | D:6      | Killed Prince Ribbit
  5585 | D:6      | Reached **** piety under Trog
  6209 | D:7      | Reached skill level 9 in Long Blades
  6333 | D:7      | Found a sacrificial altar of Ru.
  6505 | D:7      | HP: 28/63 [something (6)]
  6507 | D:7      | HP: 13/63 [something (10)]
  7354 | D:7      | Reached XP level 10. HP: 48/69 MP: 8/12
  7493 | D:7      | Found an ancient bone altar of Kikubaaqudgha.
  7584 | D:7      | Found a deep blue altar of Sif Muna.
  7660 | D:7      | Found a bloodstained altar of Trog.
  7662 | D:7      | Found a burning altar of Makhleb.
  8120 | D:8      | Reached ***** piety under Trog
  8500 | D:8      | Reached skill level 10 in Long Blades
  8677 | D:8      | Identified a scroll of acquirement
  8880 | D:8      | Found a deep blue altar of Sif Muna.
  9212 | D:9      | Found a transporter.
  9423 | D:9      | Found a staircase to the Lair.
  9519 | D:9      | Found a large runed door.
  9520 | D:9      | Found a large runed door.
  9520 | D:9      | Noticed kalagan's ghost (journeyman DEEE)
  9935 | D:9      | HP: 21/71 [kalagan's ghost/stone arrow (16)]
  9938 | D:9      | HP: 10/71 [kalagan's ghost (1)]
  9943 | D:9      | HP: 7/71 [kalagan's ghost (1)]
  9947 | D:9      | Killed kalagan's ghost
  9947 | D:9      | Reached skill level 5 in Evocations
 10277 | D:9      | Found a viscous altar of Jiyva.
 10278 | D:9      | Found a transporter.
 10384 | D:9      | Reached skill level 5 in Shields
 10385 | D:9      | HP: 53/108 [slime creature (11)]
 10387 | D:9      | Received a gift from Trog
 10390 | D:9      | Reached XP level 11. HP: 58/77 MP: 6/15
 11012 | Lair:1   | Entered Level 1 of the Lair of Beasts
 11637 | Lair:1   | Reached skill level 11 in Long Blades
 11756 | Lair:1   | HP: 37/77 [yak (3)]
 12026 | Lair:1   | Noticed an oklob plant
 12500 | Lair:2   | Found a frozen archway.
 12525 | Lair:2   | HP: 32/78 [ice beast (11)]
 12530 | Lair:2   | HP: 32/78 [ice beast (2)]
 12539 | Lair:2   | Reached skill level 5 in Slings
 12810 | IceCv    | Entered an ice cave
 12908 | Lair:2   | Reached XP level 12. HP: 49/84 MP: 10/16
 13586 | D:7      | HP: 39/84 [something (8)]
 14362 | D:2      | Received a gift from Trog
 14747 | Lair:2   | Noticed Fannar
 14754 | Lair:2   | Killed Fannar
 15332 | Lair:3   | Found a hole to the Spider Nest.
 15348 | Lair:3   | Reached skill level 12 in Long Blades
 15676 | Lair:3   | Noticed Gastronok
 15690 | Lair:3   | Killed Gastronok
 16315 | Spider:1 | Entered Level 1 of the Spider Nest
 16318 | Lair:3   | HP: 37/85 [redback (7)]
 16318 | Lair:3   | HP: 17/85 [redback (10)]
 16968 | Lair:4   | Found a staircase to the Swamp.
 17706 | Lair:4   | Noticed Snorg
 17714 | Lair:4   | Killed Snorg
 18088 | Lair:5   | HP: 61/127 [spiny frog (16)]
 18092 | Lair:5   | Reached XP level 13. HP: 65/90 MP: 8/18
 18122 | Lair:5   | Found a viscous altar of Jiyva.
 18122 | Lair:5   | Found a staircase to the Slime Pits.
 18402 | Lair:5   | HP: 35/90 [komodo dragon (24)]
 18410 | Lair:5   | HP: 20/90 [komodo dragon (18)]
 18412 | Lair:5   | HP: 4/90 [komodo dragon (17)]
 18461 | Lair:5   | HP: 9/90 [hippogriff (7)]
 18466 | Lair:5   | HP: 8/90 [hippogriff (3)]
 18538 | Lair:5   | HP: 19/90 [hippogriff (7)]
 19085 | Lair:5   | Reached skill level 10 in Slings
 19085 | Lair:5   | Reached XP level 14. HP: 97/97 MP: 20/20
 19648 | Slime:1  | Entered Level 1 of the Pits of Slime
 19664 | Lair:6   | Entered Level 6 of the Lair of Beasts
 19719 | Lair:6   | Received a gift from Trog
 19976 | Lair:6   | Reached skill level 13 in Long Blades
 20118 | Lair:6   | Received a gift from Trog
 20329 | Lair:6   | HP: 47/98 [death yak (14)]
 20336 | Lair:6   | HP: 21/98 [death yak (22)]
 21566 | Lair:6   | Reached skill level 10 in Dodging
 21590 | Lair:6   | HP: 43/98 [spriggan rider/spear (13)]
 21592 | Lair:6   | HP: 8/98 [spriggan rider/spear (20)]
 21593 | Lair:6   | HP: 3/98 [wolf (6)]
 21932 | Lair:5   | Reached skill level 10 in Fighting
 21981 | Lair:6   | HP: 71/148 [spriggan/dagger (10)]
 21986 | Lair:6   | HP: 69/148 [wolf (1)]
 22466 | Lair:6   | Reached skill level 1 in Stealth
 22939 | Lair:5   | HP: 40/99 [acid (11)]
 23745 | Lair:1   | Received a gift from Trog
 23923 | Lair:1   | Reached skill level 5 in Stealth
 23923 | Lair:1   | Reached XP level 15. HP: 83/103 MP: 16/21
 24002 | Lair:1   | HP: 49/103 [oklob plant/splash of acid (10)]
 24572 | D:10     | Entered Level 10 of the Dungeon
 25641 | D:11     | Found a staircase to the Orcish Mines.
 25861 | D:11     | Received a gift from Trog
 26196 | D:11     | Found a white marble altar of Elyvilon.
 26294 | D:12     | Found a labyrinth entrance.
 26316 | Lab      | Entered a labyrinth
 26954 | Lab      | Got a crude pewter ring
 27509 | D:9      | Identified the ring "Enwigg" {Fire +Inv Slay+2} (You found
                  | it in a labyrinth)
 27654 | Orc:1    | Entered Level 1 of the Orcish Mines
 27831 | Orc:1    | Found Gaxkiewa's Armour Shoppe.
 27861 | Orc:1    | Received a gift from Trog
 27863 | Orc:1    | HP: 69/154 [orc priest/divine providence (13)]
 27882 | Orc:1    | HP: 46/103 [warg (5)]
 28649 | Orc:1    | Reached skill level 14 in Long Blades
 28892 | Orc:2    | Entered Level 2 of the Orcish Mines
 29044 | Orc:2    | Found a staircase to the Elven Halls.
 29360 | Orc:1    | HP: 50/105 [two-headed ogre/giant spiked club (7)]
 29567 | Orc:2    | Noticed an orc warlord
 29780 | Orc:1    | Killed an orc warlord
 29780 | Orc:1    | Received a gift from Trog
 30410 | Orc:2    | Received a gift from Trog
 30501 | Orc:2    | HP: 42/105 [orc warrior/scimitar (21)]
 30511 | Orc:2    | HP: 33/105 [orc priest/divine providence (12)]
 31514 | Orc:2    | Found Imezuut's Jewellery Shoppe.
 31518 | Orc:2    | Found Iguteg's Weapon Emporium.
 31518 | Orc:2    | Found Sired's Book Shoppe.
 31519 | Orc:2    | Found Ulykueqi's Magic Scroll Shoppe.
 31529 | Orc:2    | Bought a +5 ring of protection for 825 gold pieces
 31529 | Orc:2    | Bought an uncursed ring of protection from cold for 375
                  | gold pieces
 31537 | Orc:2    | Bought a scroll of teleportation for 45 gold pieces
 31537 | Orc:2    | Bought a scroll of blinking for 112 gold pieces
 31948 | D:5      | Bought a wand of digging (7) for 286 gold pieces
 31948 | D:5      | Bought a scroll of enchant weapon for 97 gold pieces
 32197 | Swamp:1  | Entered Level 1 of the Swamp
 32212 | Swamp:1  | Reached skill level 10 in Evocations
 32235 | Swamp:1  | HP: 34/105 [spriggan rider/spear (20)]
 32506 | Swamp:1  | HP: 42/105 [ghost crab] (13)]
 33157 | Swamp:1  | Reached XP level 16. HP: 105/112 MP: 7/23
 34138 | Swamp:2  | HP: 51/112 [swamp dragon (7)]
 34392 | Swamp:2  | Received a gift from Trog
 34837 | Swamp:2  | Identified the cursed +1 battleaxe of Blind Justice
                  | {protect, *Rage rElec rPois rF+++} (You found it on level 2
                  | of the Swamp)
 35128 | Swamp:2  | Identified the amulet "Icvycefi" {+Fly Regen+ Str+3 Int+2
                  | Slay+5} (You found it on level 2 of the Swamp)
 35816 | Swamp:3  | Noticed a thorn hunter
 35825 | Swamp:3  | Killed a thorn hunter
 36126 | Swamp:3  | HP: 77/171 [tyrant leech (14)]
 36530 | Swamp:3  | Received a gift from Trog
 36806 | Swamp:4  | Entered Level 4 of the Swamp
 37425 | Swamp:3  | HP: 79/171 [four-headed hydra (17)]
 37426 | Swamp:3  | Reached skill level 10 in Shields
 37526 | Swamp:4  | HP: 51/114 [six-headed hydra[a spriggan druid] (13)]
 37530 | Swamp:3  | HP: 23/114 [six-headed hydra[a spriggan druid] (18)]
 37531 | Swamp:3  | HP: 8/114 [six-headed hydra[a spriggan druid] (8)]
 37531 | Swamp:3  | Slain by a six-headed hydra

Skill      XL: |  1  2  3  4  5  6  7  8  9 10 11 12 13 14 15 16 |
---------------+-------------------------------------------------+-----
Long Blades    | 4 5 7 8 9 10 11 12 13 14 | 14.0
Fighting       | 4 5 6 7 8 9 10 11 12 | 12.1
Dodging        | 4 5 6 7 8 9 10 11 | 11.4
Shields        | 1 3 5 6 7 8 9 10 | 10.0
Evocations     | 1 3 5 6 7 8 10 | 10.8
Slings         | 5 7 10 11 12 13 | 13.5
Stealth        | 5 7 |  7.8

Action                   |  1- 3 |  4- 6 |  7- 9 | 10-12 | 13-15 | 16-18 || total
-------------------------+-------+-------+-------+-------+-------+-------++-------
Melee: Falchion          |    51 |       |       |       |       |       ||    51
       Constrict         |    19 |    32 |    38 |    63 |   135 |    30 ||   317
       Tentacles         |    13 |    29 |    55 |   122 |   244 |   102 ||   565
       Long sword        |     6 |   115 |   151 |   379 |   524 |    27 ||  1202
       Fustibalus        |       |       |       |     1 |       |       ||     1
       Demon blade       |       |       |       |       |   152 |   258 ||   410
       Rapier            |       |       |       |       |    68 |       ||    68
 Fire: Fustibalus        |       |       |       |   102 |   354 |    81 ||   537
Throw: Throwing net      |       |       |       |       |     1 |       ||     1
Invok: Berserk           |       |     3 |     7 |    27 |    40 |     7 ||    84
       Brothers in Arms  |       |       |       |     5 |     4 |       ||     9
       Trog's Hand       |       |       |       |     1 |       |       ||     1
 Abil: Evoke Invisibilit |       |       |       |       |     4 |     1 ||     5
Evoke: Lamp of fire      |       |       |       |     1 |       |       ||     1
       Lightning rod     |       |       |       |     3 |     1 |       ||     4
       Phial of floods   |       |       |       |       |     1 |       ||     1
  Use: Scroll            |       |    11 |     4 |    19 |    12 |    10 ||    56
       Potion            |       |     1 |       |     1 |     2 |       ||     4
 Stab: Sleeping          |    13 |     6 |     4 |    10 |     9 |       ||    42
       Distracted        |       |     1 |       |       |     1 |       ||     2
       Paralysed         |       |       |     2 |       |       |       ||     2
       Invisible         |       |       |       |       |    18 |       ||    18
  Eat: Chunk             |     1 |     7 |    18 |    39 |    74 |    15 ||   154
       Ration            |       |     1 |       |     6 |     4 |     2 ||    13
Armor: Skin              |     3 |    21 |     3 |    17 |    21 |    21 ||    86
Dodge: Dodged            |    39 |    64 |   116 |   151 |   295 |   127 ||   792
Block: Large shield      |       |       |       |   185 |   641 |   292 ||  1118
       Reflection        |       |       |       |       |       |     2 ||     2
       Rpst.: Falchion   |    12 |       |       |       |       |       ||    12
       Long sword        |     1 |    21 |    37 |    37 |    41 |     3 ||   140
       Demon blade       |       |       |       |       |    10 |    20 ||    30

Vault maps used:
D:1:      scummos_arrival_star
D:2:      chequers_ecumenical_altar_simple, minmay_close_crescents
D:3:      hellmonk_ghost_happy_afterlife, first_ration,
          okawaru_ov_weapons_minmay
D:4:      xom_teletrap_fun, grunt_temple_overflow_diamond,
          hangedman_feature_mirror, nemelex_diamond_rough_becter
D:5:      grunt_temple_overflow_open, minmay_temple_entry_junction,
          serial_shops, shop, ebering_ghost_reflecting_pool, uniq_pikel
D:6:      uniq_prince_ribbit1
D:7:      nicolae_overflow_hidden_temple, nicolae_ru_great_annihilating_truth
D:8:      minmay_stone_trees_medium, lemuel_blue_sif_altar
D:9:      gammafunk_jiyva_shrine, lair_entry_dummy, ebering_ghost_disaster_area
D:10:     the_bakery
D:11:     nicolae_whirlpool, orc_0_dummy, basic_altar
D:12:     lab_entry_generic, serial_shops, kennysheep_little_box,
          kennysheep_generic_room_15
Lair:1:   serial_bayou_shore_a, minmay_lair_oklob_chamber, grunt_megastairs_5
Lair:2:   portal_ice_cave_entry_ice_beasts, infiniplex_staircase_pool_2,
          serial_bayou_shore_b, uniq_fannar
Lair:3:   nicolae_spider_entry_non_spiders, serial_bayou_shore_b,
          grunt_megastairs_1, uniq_gastronok
Lair:4:   swamp_mist, uniq_snorg
Lair:5:   slime_altar_1, lemuel_fruit_fields
Lair:6:   minmay_lair_end_enchanted_forest, lemuel_fruit_tree
Swamp:1:  evilmike_swamp_ruin_rubble_2
Swamp:2:  evilmike_swamp_ruin_house_5
Swamp:3:  evilmike_swamp_ruin_house_3, swamp_pool4,
          nicolae_swamp_rocky_clearing, hangedman_swamp_ravenous
Swamp:4:  swamp
Spider:1: ebering_ghost_disaster_area
Slime:1:  nicolae_slime_barrier
Orc:1:    serial_shops, shop, guppyfry_library_mini
Orc:2:    st_orc_pillars
Lab:      lab_statue, nicolae_lab_plus
IceCv:    ice_cave_small_demon
